 Dungeon Crawl Stone Soup version 0.27.1-37-g7b29ead8ac (webtiles) character file.

Game seed: 5002014322520524490

1318 Cape the Cudgeller (level 8, 0/71 HPs)
             Began as a Minotaur Berserker on Feb 23, 2023.
             Was a Priest of Trog.
             Slain by a gnoll (2 damage)
             ... on level 5 of the Dungeon.
             The game lasted 00:10:48 (4543 turns).

Cape the Cudgeller (Minotaur Berserker)             Turns: 4543, Time: 00:10:48

Health: 0/71       AC: 21    Str: 23    XL:     8   Next: 33%
Magic:  7/7        EV:  8    Int:  4    God:    Trog [***...]
Gold:   288        SH:  0    Dex: 11    Spells: 7/7 levels left

rFire    + . .     SeeInvis .   j - +0 flail (protect)
rCold    . . .     Faith    .   (no shield)
rNeg     . . .     Spirit   .   b - +0 chain mail
rPois    .         Reflect  .   (helmet restricted)
rElec    .         Harm     .   (no cloak)
rCorr    .         Rampage  .   (no gloves)
Will     .....                  (no boots)
Stlth    ..........             (no amulet)
HPRegen  0.21/turn              z - +4 ring of protection
MPRegen  0.10/turn              o - ring of protection from fire

@: lethally poisoned (0 -> -4), under a protective aura, on berserk cooldown,
slowed, very slow
A: horns 2, retaliatory headbutt
a: Renounce Religion, Berserk, Trog's Hand


You were on level 5 of the Dungeon.
You worshipped Trog.
Trog was most pleased with you.
You visited 1 branch of the dungeon, and saw 5 of its levels.

You collected 288 gold pieces.

Inventory:

Hand Weapons
 a - a +0 hand axe
 j - a +0 flail of protection (weapon)
Missiles
 s - 10 boomerangs (quivered)
 x - a throwing net
Armour
 b - a +0 chain mail (worn)
Jewellery
 i - a +6 ring of dexterity
 o - a ring of protection from fire (right hand)
 z - a +4 ring of protection (left hand)
Wands
 m - a wand of iceblast (8)
 r - a wand of flame (16)
 t - a wand of digging (7)
Scrolls
 d - a scroll of enchant weapon {unknown}
 f - 5 scrolls of identify {unknown}
 h - a scroll of fear {unknown}
 l - a scroll of teleportation {unknown}
 u - 2 scrolls of torment {unknown}
 w - a scroll of fog {unknown}
 y - a scroll of enchant armour {unknown}
Potions
 c - 2 potions of cancellation {unknown}
 e - 2 potions of berserk rage {unknown}
 g - 3 potions of attraction {unknown}
 k - a potion of curing {unknown}
 n - a potion of mutation {unknown}
 p - 3 potions of might {unknown}
 q - a potion of brilliance {unknown}
 v - 4 potions of degeneration {unknown}
 A - a potion of heal wounds {unknown}


   Skills:
 + Level 6.5 Fighting
 - Level 4.9(6.5) Axes
 * Level 6.7(7.5) Maces & Flails
 + Level 5.9 Armour
 - Level 2.1 Dodging
 + Level 3.9 Evocations


You had 7 spell levels left.
You didn't know any spells.
Your spell library was empty.

Dungeon Overview and Level Annotations

Branches:
Dungeon (5/15)             Temple (0/1) D:4

Altars:
Gozag
Okawaru
Qazlal
Vehumet

Shops:
D:4 :


Innate Abilities, Weirdness & Mutations

You have a pair of horns on your head.
You reflexively headbutt those who attack you in melee.


Message History

* * * LOW HITPOINT WARNING * * *
You feel very sick.
The scorpion stings you but does no damage.
You sock the scorpion!
You kill the scorpion!
Trog accepts your kill.
* * * LOW HITPOINT WARNING * * *
You feel very sick. The gnoll sergeant barely misses you.
You feel sick.
The gnoll sergeant hits you but does no damage.
Items here: )) †††.
You sock the gnoll sergeant!
You kill the gnoll sergeant!
Trog accepts your kill.
You feel sick.
You feel sick. The gnoll hits you with a +0 club.
* * * LOW HITPOINT WARNING * * *
Things that are here:
a +0 trident of venom; a +0 scale mail; a gnoll corpse You barely miss the gnoll.
You headbutt the gnoll!
You kill the gnoll!
Trog accepts your kill.
* * * LOW HITPOINT WARNING * * *
You feel sick.
A gnoll comes into view. It is wielding a +0 flail.
* * * LOW HITPOINT WARNING * * *
You feel sick.
The gnoll shouts!
Things that are here:
a +0 club; a gnoll corpse You feel a strong urge to attack something.
* * * LOW HITPOINT WARNING * * *
You feel sick.
You are no longer berserk.
You are exhausted.
You feel yourself slow down.
* * * LOW HITPOINT WARNING * * *
You feel sick. The gnoll hits you with a +0 flail.
You die...

##........
#.........
#.........
#.........
#......... ####
#......... #..
........... #g#
#####......# #@#
####...# #.#
##.... #)##
##..... #.)#
#...... ##)#
#.....> #.####
#...... #....#
#......
#..?.######......
#....##..........


You could see a gnoll.

Vanquished Creatures
  Sigmund (D:3)
  A necrophage (D:5)
  An ogre (D:4)
  A centaur (D:5)
  The ghost of Froggeryz the Cutter, an amateur OpBe of Trog (D:3)
  A gnoll sergeant (D:5)
  3 scorpions (D:5)
  A wyvern skeleton (D:5)
  An orc priest (D:4)
  A gnoll shaman (D:5)
  3 hounds
  3 iguanas
  Ijyb (D:4)
  Natasha (thrice) (D:2)
  8 gnolls
  5 adders
  A white imp (D:5)
  An ufetubus (D:5)
  4 dart slugs
  7 orcs
  7 endoplasms
  3 giant cockroaches
  3 hobgoblins
  6 jackals
  A quokka (D:1)
  13 ball pythons
  3 bats
  5 frilled lizards
  8 goblins
  10 kobolds
  2 rats
109 creatures vanquished.

Notes
Turn   | Place    | Note
-------+----------+-------------------------------------------
     0 | D:1      | Cape the Minotaur Berserker began the quest for the Orb.
     0 | D:1      | Reached XP level 1. HP: 19/19 MP: 0/0
   130 | D:1      | Reached XP level 2. HP: 19/27 MP: 1/1
   562 | D:1      | Reached ** piety under Trog
   563 | D:1      | Reached XP level 3. HP: 28/33 MP: 2/2
   660 | D:1      | Reached skill level 1 in Evocations
   907 | D:2      | You fall into a shaft and drop 2 floors!
  1026 | D:4      | Reached XP level 4. HP: 40/40 MP: 3/3
  1556 | D:4      | Reached skill level 1 in Maces & Flails
  1720 | D:4      | Noticed an ogre
  1721 | D:4      | Noticed Ijyb
  1732 | D:4      | Killed an ogre
  1733 | D:4      | Reached XP level 5. HP: 47/47 MP: 4/4
  1745 | D:4      | Killed Ijyb
  1932 | D:4      | Found a radiant altar of Vehumet.
  1943 | D:4      | Found an iron altar of Okawaru.
  1978 | D:4      | Reached XP level 6. HP: 40/55 MP: 5/5
  2274 | D:2      | Found a faded altar of an unknown god.
  2400 | D:2      | Noticed Natasha
  2407 | D:2      | Killed Natasha
  2407 | D:2      | Reached *** piety under Trog
  2408 | D:2      | Reached skill level 5 in Fighting
  2438 | D:2      | Noticed Natasha
  2446 | D:2      | Killed Natasha
  2519 | D:2      | Noticed Natasha
  2526 | D:2      | Killed Natasha
  2780 | D:3      | Found a runed translucent gate.
  2782 | D:3      | Found a runed translucent gate.
  2782 | D:3      | Found an opulent altar of Gozag.
  2783 | D:3      | Found a runed translucent gate.
  2786 | D:3      | Noticed Froggeryz's ghost (amateur OpBe)
  2959 | D:3      | Noticed Sigmund
  2969 | D:3      | Killed Sigmund
  2970 | D:3      | Reached XP level 7. HP: 37/61 MP: 6/6
  3341 | D:3      | Killed Froggeryz's ghost
  3550 | D:4      | Found Wymabaur's Book Shoppe.
  3715 | D:4      | Found a stormy altar of Qazlal.
  3801 | D:4      | Found a staircase to the Ecumenical Temple.
  3870 | D:5      | Entered Level 5 of the Dungeon
  3884 | D:5      | Reached skill level 5 in Armour
  3893 | D:5      | Reached skill level 5 in Maces & Flails
  4196 | D:5      | Reached XP level 8. HP: 65/70 MP: 7/7
  4542 | D:5      | HP: 5/106 [poisoned by a gnoll sergeant]
  4543 | D:5      | HP: 2/71 [poisoned by a gnoll sergeant]
  4543 | D:5      | Slain by a gnoll

Illustrated notes

Levels and vault maps discovered:
D:1:      lemuel_arrival_rhombus, layout_rooms, kennysheep_another_room
D:2:      layout_rooms, shapermc_ecumenical_altar_venn, serial_glass,
          glass_columns_a, glass_columns_b, glass_columns_b, glass_columns_a,
          glass_columns_a, glass_columns_b, glass_columns_b, glass_columns_b,
          glass_columns_b, glass_columns_b, minmay_box_of_dots, uniq_natasha
D:3:      layout_basic, ebering_ghost_gozag, uniq_sigmund
D:4:      layout_cave_pods, kennysheep_mini,
          mainiacjoe_overflow_large_starburst, minmay_temple_entry_nine_rooms,
          minmay_misc_feat_columns, nicolae_stop_n_shop_1, grunt_decor_junction,
          st_stairs_4, uniq_ijyb
D:5:      layout_rooms

Skill      XL: |  1  2  3  4  5  6  7  8 |
---------------+-------------------------+-----
Axes           | 4 |  4.9
Fighting       | 4 5 6 |  6.5
Evocations     | 1 2 3 |  3.9
Armour         | 3 4 5 |  5.9
Maces & Flails | 2 4 5 6 |  6.7
Dodging        | |  2.1

Action                   |  1- 3 |  4- 6 |  7- 9 || total
-------------------------+-------+-------+-------++-------
Melee: Hand axe          |    71 |     9 |       ||    80
       Headbutt          |     8 |    16 |    21 ||    45
       Flail             |       |    73 |    81 ||   154
Throw: Boomerang         |       |     4 |       ||     4
Invok: Berserk           |       |     1 |     5 ||     6
       Trog's Hand       |       |     1 |       ||     1
 Stab: Sleeping          |       |     1 |       ||     1
Armor: Animal skin       |    17 |    17 |     2 ||    36
       Chain mail        |       |       |    44 ||    44
       Scale mail        |       |       |     4 ||     4
Dodge: Dodged            |    51 |    49 |    52 ||   152
